 Dungeon Crawl Stone Soup version 0.21.1-1-g345015f (webtiles) character file.

24019 poirepourri the Blocker (level 12, -3/118 HPs)
             Began as a Deep Dwarf Fighter on July 23, 2018.
             Was an Elder of Makhleb.
             Killed by the raging water
             ... invoked by a water nymph
              (24 damage)
             ... on level 3 of the Shoals.
             The game lasted 00:13:00 (9357 turns).

poirepourri the Blocker (Deep Dwarf Fighter)        Turns: 9357, Time: 00:13:01

Health: -3/118     AC: 10    Str: 22    XL:     12   Next: 77%
Magic:  2/2        EV: 17    Int:  8    God:    Makhleb [****..]
Gold:   679        SH: 15    Dex: 16    Spells: 11/11 levels left

rFire    . . .     SeeInvis .   a - +4 war axe
rCold    . . .     Gourm    .   c - +2 shield
rNeg     . . .     Faith    .   s - +0 scale mail
rPois    .         Spirit   .   t - +1 helmet
rElec    .         Reflect  .   (no cloak)
rCorr    .         Harm     .   C - +0 pair of gloves
MR       ++...                  (no boots)
Stlth    ..........             (no amulet)
HPRegen  0.00/turn              z - ring of protection from magic
MPRegen  0.08/turn              m - ring of flight

@: engulfed (cannot breathe), non-regenerating, drained, very slow
A: damage resistance, heal wounds, sense surroundings 2, no regeneration
a: Heal Wounds, Minor Destruction, Lesser Servant of Makhleb, Major Destruction,
Renounce Religion, Evoke Flight


You were on level 3 of the Shoals.
You worshipped Makhleb.
Makhleb was greatly pleased with you.
You were not hungry.

You visited 4 branches of the dungeon, and saw 19 of its levels.

You collected 679 gold pieces.

Inventory:

Hand Weapons
 a - a +4 war axe (weapon)
 b - a +0 hand crossbow
 G - a +2 flail of draining
Missiles
 e - 82 bolts
 l - 2 poisoned tomahawks (quivered)
 o - 7 tomahawks
Armour
 c - a +2 shield (worn)
 s - a +0 scale mail (worn)
 t - a +1 helmet (worn)
 B - the +1 ring mail of the Blessed Realm {rPois Str+8 Slay-4 SInv}
   (You found it on level 5 of the Dungeon)

   It affects your strength (+8).
   It affects your accuracy and damage with ranged weapons and melee attacks
   (-4).
   It protects you from poison.
   It lets you see invisible.
 C - a +0 pair of gloves (worn)
Jewellery
 m - a ring of flight (right hand)
 z - a ring of protection from magic (left hand)
Wands
 v - a wand of random effects (32)
 w - a wand of clouds (2)
 x - a wand of disintegration (6)
 F - a wand of iceblast (8)
Scrolls
 d - 4 scrolls of teleportation
 j - 4 scrolls of remove curse
 k - 2 scrolls of magic mapping
 p - a scroll of amnesia
 y - 2 scrolls of fear
Potions
 h - 4 potions of haste
 i - a potion of magic
 n - 2 potions of curing
 q - a potion of resistance
 r - 3 potions of lignification
 u - a potion of brilliance {unknown}
 D - a potion of ambrosia
Books
 A - a book of Misfortune

   Spells                             Type                      Level
   a - Confusing Touch                Hexes                        1
   b - Confuse                        Hexes                        3
   c - Gell's Gravitas                Translocation                3
   d - Petrify                        Transmutation/Earth          4
   e - Metabolic Englaciation         Hexes/Ice                    5
   f - Yara's Violent Unravelling     Hexes/Transmutation          5
Miscellaneous
 E - a fan of gales
Comestibles
 f - 10 rations


   Skills:
 - Level 10.7(10.3) Fighting
 - Level 10.4(9.9) Axes
 - Level 3.2(2.9) Armour
 - Level 11.4(11.0) Dodging
 + Level 13.3(12.9) Shields


You had 11 spell levels left.
You didn't know any spells.

Dungeon Overview and Level Annotations

Branches:
Dungeon (10/15)            Temple (1/1) D:7            Lair (5/6) D:10
 Shoals (3/4) Lair:4        Snake (0/4) Lair:3
  Slime: Lair:5-6       Orc: D:9-12

Altars:
Ashenzari
Cheibriados
Dithmenos
Elyvilon
Fedhas
Gozag
Kikubaaqudgha
Makhleb
Nemelex Xobeh
Okawaru
Qazlal
Ru
Sif Muna
Trog
Uskayaw
Vehumet
Wu Jian
Yredelemnul
Zin
The Shining One


Innate Abilities, Weirdness & Mutations

You are resistant to damage.
You can heal yourself by infusing magical energy.
You passively map the area around you.
You do not regenerate.


Message History

The shard of ice misses you.
The shard of ice hits the water elemental.
The merfolk aquamancer hits you with a rapier of draining!
* * * LOW HITPOINT WARNING * * *
You feel drained.
* * * LOW HITPOINT WARNING * * *
The merfolk hits you but does no damage.
The water elemental barely misses you.
Unknown command.
Your magical essence is drained by the effort!
You feel much better.
* * * LOW HITPOINT WARNING * * *
Your lungs strain for air!
You block the water elemental's attack. The wind drake flaps its wings at you.
The air twists around and strikes you!
* * * LOW HITPOINT WARNING * * *
The water nymph points at you and mumbles some strange words.
The water swirls and strikes you!
You die...

≈ ≈ ≈≈ ≈ ≈≈ ≈
≈≈≈≈≈≈.≈≈≈≈≈≈≈≈ ≈ ≈
≈ ≈≈ ≈
..≈≈≈≈≈≈≈≈≈≈≈≈≈ ≈ ≈
≈ ≈ ≈≈
...≈≈≈≈≈≈≈≈≈≈≈≈≈ ≈ ≈
....≈≈..≈≈≈≈≈≈≈≈ ≈
≈≈
.....≈mm.≈≈≈≈≈≈≈≈≈≈
≈ ≈ ≈ ,
...≈.....≈≈≈≈≈≈≈≈≈ ,
..≈≈..≈.E≈≈≈≈≈≈≈≈≈≈
≈ ,,,
.≈≈...m@E≈≈≈≈≈≈≈≈≈≈
* *
,.≈#...kEm≈≈≈≈≈≈≈≈#≈
≈ *
####.m≈.≈≈...≈≈≈≈ ≈
,, ,* *
#.........#.≈≈ ≈ , *
##...........E ≈ *
####....#..≈≈ ≈
#.....≈.E≈ ≈≈ *
#....#≈.≈≈ **
...............≈ ≈,


You could see 3 merfolk aquamancers, a wind drake, a merfolk, 3 water elementals
and a water nymph.

Vanquished Creatures
  2 merfolk aquamancers
  A two-headed ogre (D:8)
  A sea snake (Shoals:2)
  6 harpies (Shoals:2)
  An oklob plant (D:10)
  A manticore (Shoals:2)
  3 merfolk sirens
  6 elephants (Lair:4)
  A water nymph (Shoals:3)
  A black mamba (Lair:3)
  8 spiny frogs
  2 komodo dragons
  4 blink frogs (Lair:4)
  4 hippogriffs
  3 yaks (Lair:3)
  A spriggan (D:7)
  3 wyverns
  Eustachio (D:4)
  3 water elementals (Shoals:2)
  Grum (D:9)
  3 hungry ghosts
  A basilisk (Lair:2)
  5 swamp worms (Lair:4)
  Edmund (D:4)
  Duvessa (D:7)
  17 water moccasins
  6 porcupines
  5 orc warriors
  2 sky beasts
  A hornet zombie (D:8)
  4 wolves (D:9)
  2 ogres
  4 centaurs
  6 crocodiles
  A big kobold (D:9)
  Blork the orc (D:4)
  12 bullfrogs
  A wyvern zombie (D:6)
  Dowan (D:7)
  A scorpion (D:6)
  A water moccasin skeleton (D:6)
  The ghost of dscm the Skirmisher, a weakling HOFi (D:4)
  3 killer bees (D:7)
  3 wights (D:8)
  2 electric eels
  4 crimson imps
  A quasit (D:7)
  4 hounds
  A jelly (D:9)
  9 orc wizards
  2 centaur skeletons
  4 orc priests
  A bullfrog skeleton (D:6)
  2 iguanas
  9 worker ants
  2 hound zombies
  3 hound skeletons
  A worker ant zombie (D:7)
  3 gnolls (D:5)
  2 howler monkey skeletons
  10 adders
  3 shadow imps
  3 oozes
  2 adder zombies (D:5)
  An adder skeleton (D:4)
  16 worms
  A dart slug (D:2)
  3 leopard geckos
  39 orcs
  5 giant cockroaches
  4 goblins
  2 hobgoblins
  14 jackals
  8 quokkas
  4 ball pythons
  4 bats
  4 frilled lizards
  10 kobolds
  6 rats
  A butterfly (Lair:4)
  A fungus (Lair:4)
  3 plants
330 creatures vanquished.

Vanquished Creatures (others)
  2 plants (Lair:4)
2 creatures vanquished.

Grand Total: 332 creatures vanquished

Notes
Turn   | Place    | Note
-------+----------+-------------------------------------------
     0 | D:1      | poirepourri the Deep Dwarf Fighter began the quest for the Orb.
     0 | D:1      | Reached XP level 1. HP: 20/20 MP: 1/1
    46 | D:1      | Reached XP level 2. HP: 27/27 MP: 2/2
   384 | D:2      | Reached XP level 3. HP: 28/33 MP: 3/3
   824 | D:3      | Reached skill level 5 in Axes
   824 | D:3      | Reached XP level 4. HP: 26/40 MP: 4/4
   884 | D:3      | Found a faded altar of an unknown god.
  1109 | D:4      | Reached XP level 5. HP: 26/46 MP: 5/5
  1262 | D:4      | Noticed dscm's ghost (weakling HOFi)
  1268 | D:4      | Killed dscm's ghost
  1276 | D:4      | Noticed an ogre
  1281 | D:4      | Reached XP level 6. HP: 39/55 MP: 6/6
  1390 | D:4      | Noticed Blork the orc
  1402 | D:4      | Killed Blork the orc
  1470 | D:4      | Noticed Edmund
  1481 | D:4      | Killed Edmund
  1481 | D:4      | Reached XP level 7. HP: 50/61 MP: 7/7
  1757 | D:4      | Noticed Eustachio
  1774 | D:4      | Killed Eustachio
  2063 | D:5      | Entered Level 5 of the Dungeon
  2140 | D:5      | You fall through a shaft!
  2168 | D:6      | Reached skill level 10 in Axes
  2181 | D:6      | Reached XP level 8. HP: 33/68 MP: 7/7
  2716 | D:5      | Reached skill level 5 in Fighting
  2946 | D:5      | Got a translucent ring mail
  2957 | D:5      | Identified the +1 ring mail of the Blessed Realm {rPois Str+8 Slay-4 SInv} (You found it on level 5 of the Dungeon)
  3287 | D:5      | Found an opulent altar of Gozag.
  3290 | D:5      | Found a deep blue altar of Sif Muna.
  3293 | D:5      | Found a basalt altar of Yredelemnul.
  3454 | D:7      | Noticed Duvessa
  3456 | D:7      | Noticed Dowan
  3467 | D:7      | Killed Duvessa
  3503 | D:7      | Killed Dowan
  3515 | D:7      | Gained mutation: You passively map the area around you. [Deep Dwarf growth]
  3515 | D:7      | Reached XP level 9. HP: 38/86 MP: 8/8
  3618 | D:7      | Found an ancient bone altar of Kikubaaqudgha.
  3812 | D:7      | Found a staircase to the Ecumenical Temple.
  3837 | Temple   | Entered the Ecumenical Temple
  4149 | Temple   | Became a worshipper of Makhleb the Destroyer
  4690 | D:8      | Noticed a two-headed ogre
  4696 | D:8      | Killed a two-headed ogre
  4714 | D:8      | Reached skill level 10 in Fighting
  4776 | D:8      | Reached XP level 10. HP: 27/103 MP: 7/7
  4823 | D:8      | Reached * piety under Makhleb
  5063 | D:8      | HP: 5/103 [crocodile (11)]
  5064 | D:8      | Reached skill level 1 in Dodging
  5975 | D:9      | Noticed Grum
  5993 | D:9      | Reached skill level 5 in Dodging
  6005 | D:9      | Killed Grum
  6033 | D:10     | Entered Level 10 of the Dungeon
  6187 | D:10     | Reached ** piety under Makhleb
  6206 | D:10     | Found a staircase to the Lair.
  6210 | D:10     | Noticed an oklob plant
  6221 | D:10     | Killed an oklob plant
  6241 | Lair:1   | Entered Level 1 of the Lair of Beasts
  6241 | Lair:1   | Noticed a spiny frog
  6261 | Lair:1   | Killed a spiny frog
  6492 | Lair:2   | Noticed a spiny frog
  6506 | Lair:2   | Killed a spiny frog
  6524 | Lair:2   | Noticed a spiny frog
  6533 | Lair:2   | Killed a spiny frog
  6533 | Lair:2   | Reached XP level 11. HP: 100/110 MP: 4/4
  6730 | Lair:2   | Reached skill level 10 in Dodging
  7368 | Lair:3   | Found a staircase to the Snake Pit.
  7384 | Lair:3   | Reached *** piety under Makhleb
  7393 | Lair:3   | Reached skill level 4 in Shields
  7402 | Lair:3   | Reached skill level 5 in Shields
  7796 | Lair:4   | Reached skill level 6 in Shields
  7798 | Lair:4   | Found a staircase to the Shoals.
  7832 | Lair:4   | Reached skill level 7 in Shields
  7980 | Lair:4   | Reached skill level 8 in Shields
  8001 | Lair:4   | Reached skill level 9 in Shields
  8001 | Lair:4   | Reached XP level 12. HP: 94/118 MP: 5/5
  8054 | Lair:4   | Reached **** piety under Makhleb
  8351 | Lair:4   | Reached skill level 10 in Shields
  9074 | Shoals:1 | Entered Level 1 of the Shoals
  9142 | Shoals:2 | Reached skill level 11 in Shields
  9152 | Shoals:2 | Noticed a merfolk aquamancer
  9162 | Shoals:2 | Killed a merfolk aquamancer
  9296 | Shoals:2 | Reached skill level 12 in Shields
  9313 | Shoals:2 | Reached skill level 13 in Shields
  9332 | Shoals:3 | Noticed a merfolk aquamancer
  9335 | Shoals:3 | Noticed a merfolk aquamancer
  9340 | Shoals:3 | Noticed a merfolk aquamancer
  9346 | Shoals:3 | HP: 5/118 [merfolk aquamancer/ball of steam (25)]
  9349 | Shoals:3 | Noticed a merfolk aquamancer
  9349 | Shoals:3 | Killed a merfolk aquamancer
  9357 | Shoals:3 | Killed from afar by a water nymph

Skill      XL: |  1  2  3  4  5  6  7  8  9 10 11 12 |
---------------+-------------------------------------+-----
Axes           | 3 5 7 8 10 | 10.4
Fighting       | 7 10 | 10.7
Dodging        | 9 11 | 11.4
Shields        | 9 13 | 13.3
Armour         | |  3.2

Action                   |  1- 3 |  4- 6 |  7- 9 | 10-12 || total
-------------------------+-------+-------+-------+-------++-------
Melee: War axe           |    75 |   116 |   388 |   649 ||  1228
 Fire: Hand crossbow     |       |       |       |     9 ||     9
Throw: Tomahawk          |       |     5 |       |       ||     5
 Abil: Heal Wounds       |       |       |    11 |    30 ||    41
Evoke: Wand              |       |       |     3 |       ||     3
  Use: Scroll            |     7 |     1 |    12 |     5 ||    25
       Potion            |       |     3 |     2 |     8 ||    13
  Eat: Ration            |       |     1 |     6 |     6 ||    13
       Chunk             |       |       |       |     5 ||     5
Armor: Scale mail        |    54 |    52 |   146 |   198 ||   450
       Skin              |       |       |       |    28 ||    28
Dodge: Dodged            |    32 |    23 |   116 |   419 ||   590
Block: Shield            |    58 |    55 |   254 |   552 ||   919
